 Dungeon Crawl Stone Soup version 0.28-a0-563-gf77a47075d (webtiles) character file.

Game seed: 10858008468675803058

31990 iamoutofideas the Eclecticist (level 13, -3/68 HPs)
             Began as a Deep Elf Fire Elementalist on Sept 30, 2021.
             Was a Priest of Vehumet.
             Shot with an arrow by a centaur warrior (15 damage)
             ... on level 12 of the Dungeon.
             The game lasted 01:06:31 (24901 turns).

iamoutofideas the Eclecticist (DEFE)               Turns: 24901, Time: 01:06:31

Health: -3/68      AC: 14    Str:  5    XL:     13   Next: 29%
Magic:  29/36      EV: 16    Int: 32    God:    Vehumet [***...]
Gold:   1122       SH:  0    Dex: 15    Spells: 29/47 levels left

rFire   . . .      SeeInvis .   h - +3 dagger (distort)
rCold   . . .      Faith    .   (no shield)
rNeg    . . .      Spirit   .   d - +4 steam dragon scales
rPois   .          Reflect  .   e - +1 helmet
rElec   .          Harm     .   w - +0 cloak
rCorr   +          Rampage  .   (no gloves)
Will    +....                   g - +1 pair of boots
Stlth   +++.......              q - amulet of magic regeneration
HPRegen 0.21/turn               B - ring of resist corrosion
MPRegen 0.50/turn               j - +6 ring of intelligence

@: no status effects
A: no striking features
a: Renounce Religion


You were on level 12 of the Dungeon.
You worshipped Vehumet.
Vehumet was most pleased with you.
You visited 3 branches of the dungeon, and saw 14 of its levels.
You also visited: Bailey.

You collected 2260 gold pieces.
You spent 1138 gold pieces at shops.

Inventory:

Hand Weapons
 c - the +7 falchion of Eroqiff {speed, *Slow Fly Will- Str+8}
   (You found it on level 11 of the Dungeon)

   Attacks with this weapon are significantly faster.
   Str:       It affects your strength (+8).
   Fly:       It grants you flight.
   *Slow:     It may slow you when you take damage.
   Will:      It decreases your willpower.
 h - a +3 dagger of distortion (weapon)
 y - a +1 dagger of protection
Missiles
 o - 2 throwing nets
Armour
 d - +4 steam dragon scales (worn)
 e - a +1 helmet (worn)
 g - a +1 pair of boots (worn)
 i - the +1 robe of Going Fast {rCorr}
   (You found it on level 5 of the Dungeon)

   rCorr:     It protects you from acid and corrosion.
 w - a +0 cloak (worn)
 A - a +2 robe of cold resistance
 I - +0 acid dragon scales
Magical Staves
 u - a staff of fire
 E - a staff of cold
Jewellery
 j - a +6 ring of intelligence (right hand)
 q - an amulet of magic regeneration (around neck)
 x - a ring of see invisible
 B - a ring of resist corrosion (left hand)
 O - a ring of fire
Wands
 a - a wand of iceblast (7)
 n - a wand of paralysis (21)
 r - a wand of flame (31)
 s - a wand of charming (12)
 G - a wand of polymorph (15)
 M - a wand of mindburst (13)
 N - a wand of acid (4)
Scrolls
 k - 8 scrolls of teleportation
 l - a scroll of enchant armour
 p - a scroll of fear
 H - 2 scrolls of amnesia
 L - 2 scrolls of vulnerability {unknown}
 P - a scroll of fog
 Q - 3 scrolls of identify
 R - 2 scrolls of magic mapping
Potions
 b - 3 potions of cancellation
 f - 2 potions of curing
 m - 4 potions of haste
 v - a potion of resistance {unknown}
 z - a potion of might {unknown}
 C - 2 potions of flight
 D - a potion of brilliance {unknown}
 F - a potion of mutation
 J - a potion of magic {unknown}
 K - a potion of attraction {unknown}
Miscellaneous
 t - a piece from Xom's chessboard (15/15)


   Skills:
 * Level 3.0 Fighting
 * Level 8.2 Dodging
 + Level 5.5 Stealth
 + Level 17.9 Spellcasting
 + Level 10.4 Conjurations
 - Level 1.0 Summonings
 + Level 14.6 Fire Magic
 + Level 0.4 Ice Magic


You had 29 spell levels left.
You knew the following spells:

 Your Spells              Type           Power      Damage    Failure   Level
a - Foxfire               Conj/Fire      100%       2x1d9     0%          1
b - Scorch                Fire           100%       2d10      0%          2
c - Flame Wave            Conj/Fire      83%        3d14      1%          4
d - Conjure Flame         Conj/Fire      83%        6-21      0%          3
e - Sticky Flame          Conj/Fire      83%        2d9       1%          4
f - Summon Small Mammal   Summ           100%       N/A       1%          1
g - Frozen Ramparts       Ice            62%        1d8       1%          3

Your spell library contained the following spells:

 Spells                   Type           Power      Damage    Failure   Level
 Dazzling Flash           Conj/Hex       100%       N/A       1%          3
 Beastly Appendage        Tmut           56%        N/A       1%          1
 Static Discharge         Conj/Air       58%        N/A       1%          2
 Wereblood                Tmut           28%        N/A       1%          2
 Ignite Poison            Fire/Tmut/Pois 56%        N/A       1%          3
 Inner Flame              Hex/Fire       66%        N/A       1%          3
 Fulminant Prism          Conj/Hex       29%        3d14      1%          4
 Iskenderun's Mystic Bla  Conj/Tloc      58%        2d12      1%          4
 Spider Form              Tmut/Pois      14%        N/A       4%          3
 Lee's Rapid Deconstruct  Erth           14%        3d10*     11%         5
 Dispel Undead            Necr           28%        3d13      14%         4


Dungeon Overview and Level Annotations

Branches:
Dungeon (12/15)            Temple (1/1) D:6            Lair (1/6) D:10
    Orc (0/2) D:11         Bailey (visited)

Altars:
Ashenzari
Cheibriados
Dithmenos
Elyvilon
Fedhas
Gozag
Hepliaklqana
Kikubaaqudgha
Makhleb
Nemelex Xobeh
Okawaru
Qazlal
Ru
Sif Muna
Trog
Uskayaw
Vehumet
Wu Jian
Xom
Yredelemnul
Zin
The Shining One
Beogh

Shops:
D:6 =   D:8 [   D:12 ?

Annotations:
D:5 exclusion: downstairs
D:6 exclusion: downstairs
D:9 Gastronok
D:10 exclusion: downstairs
D:11 3 runed translucent doors, exclusion: downstairs, sleeves's ghost, journeyman MiDe
D:12 2 transporters, 1 exclusion, RandomusNamus's ghost, journeyman SpCj


Message History

A wave of flame ripples out! (Press . to intensify the flame waves.)
The centaur warrior shoots an arrow.
The arrow hits you!
Unknown command.
A wave of flame ripples out!
The flame wave engulfs the centaur warrior!!
The centaur warrior is heavily wounded.
A centaur warrior opens the door.
The centaur wields a +0 shortbow.
The centaur shoots an arrow.
The arrow barely misses you.
The centaur warrior shoots an arrow.
The arrow completely misses you.
The centaur shoots an arrow.
The arrow closely misses you.
A wave of flame ripples out!
The flame wave engulfs the centaur warrior!
The centaur warrior is severely wounded.
The flame wave engulfs the centaur!!
The centaur is almost dead.
The flame wave engulfs the centaur!!
You kill the centaur!
Vehumet accepts your kill.
You feel your power returning.
The flame wave engulfs the centaur!!
You kill the centaur!
Vehumet accepts your kill.
You feel your power returning.
The flame wave engulfs the centaur!!
The centaur is almost dead.
You finish channelling waves of flame.
The centaur wields a +0 shortbow of flaming.
It bursts into flame!
The centaur shoots an arrow.
The arrow hits you! The arrow burns you.
The centaur warrior shoots an arrow.
The arrow hits you!
* * * LOW HITPOINT WARNING * * *
The centaur shoots an arrow.
The arrow hits you.
* * * LOW HITPOINT WARNING * * *
The centaur shoots an arrow.
The arrow closely misses you.
Casting: Flame Wave (safe; 1% risk of failure)
Confirm with . or Enter, or press ? or * to list all spells.
Casting: Flame Wave (safe; 1% risk of failure)
Press: ? - help, Dir - look around, f - activate A wave of flame ripples out! (Press . to intensify the flame waves.)
The centaur warrior shoots an arrow.
The arrow hits you!
You die...

[...O#...### # #..©#©
._?....#©..# # #...# ..[#...#..##
# #.#.######W#§#.##..##### #
#.#..##.#..### #.......# #
###....##......# #.#####'###
.##.....###.TO###..........# ####
..#.......#####..(c).......###.>.
#...............@'c)......)'...##
###..............#.c.......#####
#.........######.........#
####.###### #.........# #.##
########'## #..# ###....# ##.#
#...#### #### ##.##### #.###
###.... # #......# ##'### #.'....


You could see a centaur warrior and 2 centaurs.

Vanquished Creatures
  A sphinx (D:11)
  A stone giant (D:11)
  Fannar (D:12)
  A boulder beetle (D:11)
  2 hydras
  A two-headed ogre (D:9)
  A centaur warrior (D:11)
  Nergalle (D:12)
  2 ugly things
  2 orc knights (Bailey)
  11 cyclopes
  Maurice (D:12)
  Psyche (D:8)
  Maggie (D:7)
  3 unseen horrors
  A komodo dragon (D:10)
  3 trolls
  2 ice devils (D:12)
  A hornet (D:9)
  11 slime creatures (D:12)
  A vampire (D:9)
  Sigmund (D:2)
  A wraith (D:11)
  A shadow (D:12)
  A wyvern (D:8)
  18 yaks
  Grum (D:9)
  4 vampire mosquitoes
  The ghost of Hubris850 the Vandal, an amateur MiHu (D:4)
  A steam dragon (D:9)
  Menkaure (D:4)
  A swamp worm (D:7)
  9 wargs (D:11)
  An acid dragon (D:12)
  4 water moccasins
  2 sky beasts
  5 orc warriors (Bailey)
  3 black bears
  An ice beast (D:7)
  6 ogres
  3 necrophages
  5 wolves
  6 centaurs
  3 kobold brigands
  4 bullfrogs
  A gnoll sergeant (D:10)
  Blork the orc (D:6)
  2 scorpions
  A water moccasin skeleton (D:6)
  9 killer bees (D:7)
  3 wights (D:8)
  5 howler monkeys
  5 centaur zombies
  2 hounds
  5 orc priests
  Crazy Yiuf (D:2)
  A centaur skeleton (D:5)
  A gnoll shaman (D:6)
  2 jellies
  2 bullfrog skeletons (D:6)
  An iguana (D:6)
  20 orc wizards
  Ijyb (D:4)
  A howler monkey zombie (D:9)
  A howler monkey skeleton (D:4)
  10 gnolls
  9 adders
  2 shadow imps (D:7)
  3 white imps
  A worm (D:3)
  5 dart slugs
  41 orcs
  3 ball pythons
  2 endoplasms
  2 giant cockroaches
  9 hobgoblins
  2 jackals (D:1)
  29 kobolds
  2 quokkas (D:1)
  8 bats
  3 frilled lizards
  13 goblins
  2 rats
343 creatures vanquished.

Vanquished Creatures (collateral kills)
  An ettin (D:11)
  2 cyclopes (D:11)
  A centaur zombie (D:11)
  2 foxfires
6 creatures vanquished.

Vanquished Creatures (others)
  723 foxfires
  32 fungi (D:10)
  43 plants
798 creatures vanquished.

Grand Total: 1147 creatures vanquished

Notes
Turn   | Place    | Note
-------+----------+-------------------------------------------
     0 | D:1      | iamoutofideas the Deep Elf Fire Elementalist began the
                  | quest for the Orb.
     0 | D:1      | Reached XP level 1. HP: 10/10 MP: 6/6
   273 | D:1      | Reached XP level 2. HP: 15/15 MP: 5/8
   373 | D:1      | Learned a level 2 spell: Scorch
   832 | D:1      | Reached XP level 3. HP: 19/19 MP: 7/10
  1110 | D:2      | Found a runed translucent door.
  1111 | D:2      | Noticed Crazy Yiuf
  1172 | D:2      | Found a hide-covered altar of Uskayaw.
  1218 | D:2      | Noticed Sigmund
  1224 | D:2      | Killed Sigmund
  1225 | D:2      | Reached skill level 4 in Spellcasting
  1225 | D:2      | Reached XP level 4. HP: 24/24 MP: 4/12
  1225 | D:2      | Reached XP level 5. HP: 28/28 MP: 4/14
  1377 | D:2      | Found a faded altar of an unknown god.
  1456 | D:2      | Reached skill level 5 in Spellcasting
  2392 | D:2      | Learned a level 4 spell: Flame Wave
  2396 | D:2      | Learned a level 3 spell: Conjure Flame
  2560 | D:3      | Found a hazy altar of Hepliaklqana.
  2717 | D:3      | Found a basalt altar of Yredelemnul.
  3285 | D:4      | Reached XP level 6. HP: 23/32 MP: 10/16
  3497 | D:4      | Noticed Ijyb
  3506 | D:4      | Killed Ijyb
  3507 | D:4      | Reached skill level 6 in Spellcasting
  4003 | D:4      | Noticed Hubris850's ghost (amateur MiHu)
  4008 | D:4      | Found a runed translucent gate.
  4008 | D:4      | Found a runed translucent gate.
  4008 | D:4      | Found a runed translucent gate.
  4078 | D:4      | Noticed a sky beast
  4094 | D:4      | Killed a sky beast
  4095 | D:4      | Reached skill level 5 in Fire Magic
  4392 | D:4      | Noticed Menkaure
  4397 | D:4      | Killed Menkaure
  4398 | D:4      | Reached skill level 7 in Spellcasting
  4398 | D:4      | Reached XP level 7. HP: 36/36 MP: 14/19
  4587 | D:5      | Entered Level 5 of the Dungeon
  4653 | D:5      | Identified the +1 robe of Going Fast {rCorr}
  4804 | D:5      | Found a burning altar of Makhleb.
  4804 | D:5      | Noticed an Executioner
  4995 | D:5      | Reached skill level 8 in Spellcasting
  5470 | D:5      | Found a bloodstained altar of Trog.
  5899 | D:6      | HP: 1/36 [centaur/arrow (14)]
  6351 | D:6      | Noticed Blork the orc
  6368 | D:6      | Killed Blork the orc
  6706 | D:6      | Reached XP level 8. HP: 30/41 MP: 14/22
  6867 | D:6      | Reached skill level 9 in Spellcasting
  6974 | D:6      | Found a staircase to the Ecumenical Temple.
  7016 | Temple   | Entered the Ecumenical Temple
  7884 | D:6      | Found Daceof's Jewellery Shop.
  7901 | D:6      | Reached skill level 10 in Spellcasting
  8615 | D:6      | Reached skill level 5 in Conjurations
  8701 | D:6      | Found an ornate altar of the Wu Jian Council.
  9275 | D:6      | Reached XP level 9. HP: 21/46 MP: 20/25
  9589 | D:7      | Noticed Maggie
  9592 | D:7      | Reached skill level 11 in Spellcasting
  9985 | D:2      | Killed Crazy Yiuf
 11253 | D:8      | Reached skill level 1 in Fighting
 11485 | D:8      | Noticed Psyche
 11600 | D:7      | Killed Maggie
 11601 | D:7      | Reached XP level 10. HP: 52/52 MP: 18/27
 11612 | D:7      | Reached skill level 12 in Spellcasting
 11743 | D:7      | Found a glowing silver altar of Zin.
 11887 | D:7      | Learned a level 4 spell: Sticky Flame
 11931 | D:7      | Found a shimmering altar of Xom.
 11932 | D:7      | Found a white marble altar of Elyvilon.
 11965 | D:8      | Killed Psyche
 11966 | D:8      | Reached skill level 10 in Fire Magic
 12026 | D:8      | Found Niasipuv's Antique Armour Shoppe.
 12446 | D:8      | Found a glowing golden altar of the Shining One.
 12557 | D:8      | Found a radiant altar of Vehumet.
 12567 | D:8      | Became a worshipper of Vehumet
 12597 | D:8      | Found an ancient bone altar of Kikubaaqudgha.
 12630 | D:8      | Found a shimmering blue altar of Sif Muna.
 12633 | D:8      | Reached skill level 5 in Stealth
 12637 | D:8      | Got Sif Muna's Almanac of Calling
 12889 | D:9      | Found a flagged portal.
 12921 | Bailey   | Entered a bailey
 12956 | Bailey   | Noticed an orc knight
 12977 | Bailey   | Reached * piety under Vehumet
 12977 | Bailey   | Offered knowledge of Shock by Vehumet.
 13405 | Bailey   | Noticed an orc knight
 13824 | Bailey   | Killed an orc knight
 13829 | Bailey   | Killed an orc knight
 13830 | Bailey   | Reached skill level 13 in Spellcasting
 14098 | D:9      | Noticed Gastronok
 14285 | D:9      | Noticed a two-headed ogre
 14295 | D:9      | Killed a two-headed ogre
 14888 | D:9      | Noticed Grum
 14894 | D:9      | Killed Grum
 15059 | D:9      | Paralysed by a hornet for 2 turns
 15063 | D:9      | Reached XP level 11. HP: 11/57 MP: 22/30
 15066 | D:9      | HP: 4/85 [poisoned by a hornet]
 15070 | D:9      | HP: 1/85 [poisoned by a hornet]
 15862 | D:10     | Entered Level 10 of the Dungeon
 16208 | D:4      | Offered knowledge of Sandblast by Vehumet.
 16211 | D:4      | Killed Hubris850's ghost
 16212 | D:4      | Reached ** piety under Vehumet
 16492 | D:6      | Bought a +6 ring of intelligence for 643 gold pieces
 16493 | D:6      | Bought an amulet of magic regeneration for 330 gold pieces
 16699 | D:10     | Reached skill level 14 in Spellcasting
 16870 | D:10     | Found a staircase to the Lair.
 17151 | D:10     | Noticed a seven-headed hydra
 17157 | D:10     | Killed a seven-headed hydra
 17158 | D:10     | Reached skill level 5 in Dodging
 17380 | D:10     | Found a blossoming altar of Fedhas.
 17631 | D:11     | Noticed a centaur warrior
 17832 | D:11     | Noticed a boulder beetle
 17840 | D:11     | Killed a boulder beetle
 17851 | D:11     | Noticed a green ugly thing
 18153 | D:11     | Found a staircase to the Orcish Mines.
 18441 | D:10     | Learned a level 1 spell: Summon Small Mammal
 18706 | D:11     | Killed a green ugly thing
 18939 | D:11     | Reached skill level 15 in Spellcasting
 18950 | D:11     | Offered knowledge of Frozen Ramparts by Vehumet.
 19127 | D:11     | Killed a centaur warrior
 19128 | D:11     | Reached skill level 1 in Summonings
 19351 | D:11     | Found a runed translucent gate.
 19351 | D:11     | Found a runed translucent gate.
 19351 | D:11     | Found a runed translucent gate.
 19351 | D:11     | Noticed a ten-headed hydra
 19351 | D:11     | Noticed sleeves's ghost (journeyman MiDe)
 19351 | D:11     | Noticed a 12-headed hydra
 19403 | Lair:1   | Entered Level 1 of the Lair of Beasts
 19416 | D:10     | Learned a level 3 spell: Frozen Ramparts
 20267 | D:11     | Noticed an ettin
 20365 | D:11     | Reached XP level 12. HP: 15/63 MP: 30/33
 20802 | D:11     | Killed an ettin
 20840 | D:11     | Reached skill level 16 in Spellcasting
 21535 | D:11     | Reached *** piety under Vehumet
 21778 | D:11     | Noticed a stone giant
 21791 | D:11     | Killed a stone giant
 21799 | D:11     | Identified the +7 falchion of Eroqiff {speed, *Slow Fly
                  | Will- Str+8}
 21802 | D:11     | Identified the +8 glaive "Likhleepp" {freeze, Drain rC++
                  | Str+8 Int-4}
 22194 | D:11     | Noticed a sphinx
 22200 | D:11     | Killed a sphinx
 22201 | D:11     | Reached skill level 17 in Spellcasting
 22203 | D:11     | Reached skill level 10 in Conjurations
 22232 | D:11     | Noticed a seven-headed hydra
 22238 | D:11     | Killed a seven-headed hydra
 22638 | D:12     | Noticed Fannar
 22640 | D:12     | Noticed Nergalle
 22641 | D:12     | Offered knowledge of Dazzling Flash by Vehumet.
 22647 | D:12     | Killed Fannar
 22653 | D:12     | Killed Nergalle
 22889 | D:12     | Reached XP level 13. HP: 68/68 MP: 30/36
 23225 | D:12     | Found a transporter.
 23276 | D:12     | Noticed Maurice
 23289 | D:12     | Killed Maurice
 23489 | D:12     | Found a transporter.
 23539 | D:12     | Found Xuted's Magic Scroll Shop.
 23608 | D:12     | Bought a scroll of fog for 22 gold pieces
 23608 | D:12     | Bought a scroll of identify for 22 gold pieces
 23608 | D:12     | Bought 2 scrolls of magic mapping for 77 gold pieces
 23608 | D:12     | Bought a scroll of identify for 22 gold pieces
 23608 | D:12     | Bought a scroll of identify for 22 gold pieces
 24888 | D:12     | Found a bloodstained altar of Trog.
 24890 | D:12     | Noticed RandomusNamus's ghost (journeyman SpCj)
 24901 | D:12     | Shot with an arrow by a centaur warrior

Illustrated notes

Levels and vault maps discovered:
D:1:      psy_arrival_radial02, layout_basic, minmay_tripent
D:2:      layout_basic, hellmonk_ecumenical_altar_blasted, basic_altar,
          uniq_crazy_yiuf_cottage, uniq_sigmund
D:3:      layout_basic, mainiacjoe_overflow_24_doors, lemuel_round_altar,
          minmay_misc_feat_cross
D:4:      layout_basic, biasface_ghost_orc_armoury, serial_co_window_serial,
          co_window_corner_a, co_window_corner_a, co_window_paths_b,
          co_window_corner_a, co_window_corner_a, co_window_paths_b,
          co_window_2corner, co_window_paths_c, co_window_2corner,
          co_window_corner_ca, co_window_cross_3, co_window_paths_d,
          glass_columns_c, glass_columns_c, glass_columns_a, glass_columns_c,
          glass_columns_a, uniq_menkaure, uniq_ijyb
D:5:      layout_basic, makhleb_altar_promises_db, lightli_temple_of_fire,
          grunt_ministairs_14, minmay_liquid_box
D:6:      layout_loops_corners, nzn_wu_jian_council_hall,
          minmay_temple_entry_gardened_gates, serial_shops,
          nicolae_shop_statue_plus, uniq_blork_the_orc
D:7:      layout_cave_pools, mainiacjoe_overflow_cross_hatched,
          gammafunk_temple_overflow_statue, worms_lemuel, uniq_maggie
D:8:      layout_rooms, palyth_temple_overflow_mages,
          mainiacjoe_overflow_alcove_4, serial_shops, shop, uniq_psyche
D:9:      layout_loops_corners, enter_bailey_7, grunt_decor_cap,
          chequers_hall_statues_wall_a, st_stairs_2, billiards_dpeg, uniq_grum,
          uniq_gastronok
D:10:     layout_basic, mainiacjoe_overflow_chevrons,
          due_lair_maze_entry_diamond
D:11:     giant_chief_lemuel, layout_grid_maze, minmay_orc_entry_guard_dogs,
          gammafunk_ghost_hydra_chop, minmay_three_doors
D:12:     layout_roguey, serial_shops, shop_statue,
          portal_ice_cave_demonic_guard, gammafunk_ghost_wrathful_warriors,
          kennysheep_generic_room_10, uniq_maurice, uniq_fannar, uniq_nergalle
Temple:   compressed_dpeg_triangle_lava_temple
Lair:1:   layout_gridlike, fungi_pond_lemuel, grunt_megastairs_3

Skill      XL: |  1  2  3  4  5  6  7  8  9 10 11 12 13 |
---------------+----------------------------------------+-----
Fire Magic     | 4 5 7 9 11 12 14 | 14.6
Stealth        | 3 4 5 |  5.5
Spellcasting   | 4 5 7 8 10 11 13 15 17 | 17.9
Conjurations   | 2 3 4 5 6 8 9 10 | 10.4
Dodging        | 3 4 5 7 8 |  8.2
Fighting       | 1 2 3 |  3.0
Summonings     | 1 |  1.0
Ice Magic      | |  0.4

Action                   |  1- 3 |  4- 6 |  7- 9 | 10-12 | 13-15 || total
-------------------------+-------+-------+-------+-------+-------++-------
Melee: Dagger            |     4 |     8 |     2 |     2 |       ||    16
 Cast: Foxfire           |    61 |    73 |   122 |   185 |     6 ||   447
       Scorch            |       |     3 |    20 |    56 |    18 ||    97
       Conjure Flame     |       |     1 |     8 |     7 |       ||    16
       Flame Wave        |       |       |    23 |    78 |    27 ||   128
       Sticky Flame      |       |       |       |     2 |       ||     2
       Summon Small Mamm |       |       |       |     6 |       ||     6
       Frozen Ramparts   |       |       |       |     1 |       ||     1
Evoke: Wand              |       |       |     1 |       |       ||     1
  Use: Scroll            |       |     2 |     8 |    15 |       ||    25
       Potion            |       |       |     4 |     7 |       ||    11
 Stab: Sleeping          |       |       |       |     1 |       ||     1
Armor: Robe              |     2 |     1 |    26 |       |       ||    29
       Skin              |       |       |     4 |     7 |       ||    11
       Steam dragon scal |       |       |       |    93 |     8 ||   101
Dodge: Dodged            |    13 |    18 |    76 |   144 |    21 ||   272

Table legend: (Time is in decaauts)
 A = Elapsed time spent in this place.
 B = Non-inter-level travel time spent in this place.
 C = Inter-level travel time spent in this place.
 D = Time resting spent in this place.
 E = Time spent auto-exploring this place.
 F = Levels seen in this place.
 G = Mean time per level.
                   A        B        C        D        E       F      G
               +--------+--------+--------+--------+--------+-----+--------+
         Total |  24963 |  22632 |   2331 |   8666 |  10452 |  15 | 1664.2 |
       Dungeon |  23548 |  21238 |   2310 |   8107 |  10056 |  12 | 1962.3 |
        Temple |    337 |    317 |     20 |     86 |    226 |   1 |  337.0 |
          Lair |      1 |      1 |      0 |      0 |      0 |   1 |    1.0 |
        Bailey |   1075 |   1075 |      0 |    473 |    170 |   1 | 1075.0 |
               +--------+--------+--------+--------+--------+-----+--------+

Top non-repeatable levels by time:
     D:6: 3413 daAuts
    D:10: 3122 daAuts
    D:11: 2965 daAuts
    D:12: 2283 daAuts
     D:9: 2270 daAuts
     D:5: 2057 daAuts
     D:2: 1620 daAuts
     D:4: 1539 daAuts
     D:7: 1306 daAuts
  Bailey: 1075 daAuts
     D:8: 1029 daAuts
     D:3: 984 daAuts
     D:1: 954 daAuts
  Temple: 337 daAuts
  Lair:1: 1 daAuts
